 Dungeon Crawl Stone Soup version 0.20-a0-969-g3f209a8 (webtiles) character file.

569 AlphabetPasta the Grasshopper (level 6, -7/50 HPs)
             Began as a Demigod Warper on Apr 8, 2017.
             Mangled by Sigmund
             ... wielding a +6 scythe of freezing
              (9 damage)
             ... on level 5 of the Dungeon.
             The game lasted 00:26:20 (6234 turns).

AlphabetPasta the Grasshopper (Demigod Warper)      Turns: 6234, Time: 00:26:21

Health: -7/50      AC:  8    Str: 16    XL:     6   Next: 86%
Magic:  11/12      EV: 13    Int: 17    God:
Gold:   226        SH:  6    Dex: 17    Spells: 2/10 levels left

rFire    . . .     SeeInvis .   a - +0 hand axe
rCold    . . .     Gourm    .   m - +1 buckler
rNeg     . . .     Faith    .   b - +0 leather armour
rPois    .         Spirit   .   g - +1 helmet
rElec    .         Reflect  .   s - +2 cloak
rCorr    .         Harm     .   (no gloves)
MR       .....                  (no boots)
Stlth    +.........             (no amulet)
Regen    0.2/turn               (no ring)
MPRegen  0.2/turn               (no ring)

@: no status effects
A: high mp 1
a: no special abilities


You were on level 5 of the Dungeon.
You were not hungry.

You visited 1 branch of the dungeon, and saw 5 of its levels.

You collected 226 gold pieces.

Inventory:

Hand Weapons
 a - a +0 hand axe (weapon)
 o - a +0 blowgun
 v - a +0 hunting sling
Missiles
 e - 5 tomahawks of dispersal
 l - 10 tomahawks (quivered)
 p - 14 poisoned needles
 q - 45 sling bullets
 r - 238 stones
Armour
 b - a +0 leather armour (worn)
 g - a +1 helmet (worn)
 m - a +1 buckler (worn)
 s - a +2 cloak (worn)
 u - a +0 shield
Wands
 w - a wand of flame (1/48)
 z - a wand of random effects (18/48)
Scrolls
 d - a scroll of blinking
 i - 5 scrolls of identify
 n - 3 scrolls of remove curse
 y - a scroll of magic mapping
Potions
 h - a potion of magic
 k - 2 potions of cancellation
Books
 c - a book of Spatial Translocations

   Spells                             Type                      Level
   a - Blink                          Translocation                2
   b - Shroud of Golubria             Charms/Translocation         2
   c - Lesser Beckoning               Translocation                3
   d - Gell's Gravitas                Translocation                3
   e - Teleport Other                 Translocation                3
   f - Passage of Golubria            Translocation                4
Comestibles
 f - 4 bread rations
 x - 2 meat rations


   Skills:
 + Level 2.7 Fighting
 * Level 3.4 Axes
 + Level 1.0(1.2) Slings
 - Level 0.8(1.1) Throwing
 + Level 2.2 Armour
 + Level 2.9 Dodging
 + Level 2.1 Shields
 + Level 2.5 Spellcasting
 * Level 4.0 Translocations
 + Level 0.8 Evocations


You had 2 spell levels left.
You knew the following spells:

 Your Spells              Type           Power        Failure   Level  Hunger
a - Blink                 Tloc           N/A          10%         2    ##.....
b - Shroud of Golubria    Chrm/Tloc      #.........   21%         2    ##.....
c - Gell's Gravitas       Tloc           ###.......   17%         3    ###....
d - Apportation           Tloc           ###...       8%          1    #......


Dungeon Overview and Level Annotations

Branches:
Dungeon (5/15)
 Temple: D:4-7

Annotations:
D:3 Grinder
D:5 Sigmund


Innate Abilities, Weirdness & Mutations

You have an increased reservoir of magic. (+10% MP)


Message History

You hit something. Something barely misses you.
You closely miss something. You hit something.
Your shroud bends something's attack away.
You miss something. Something hits you.
Your shroud falls apart!
Something freezes you.
You hit something.
You hear some strange, mumbled words.
A magic dart appears from out of thin air!
The magic dart hits you!
* * * LOW HITPOINT WARNING * * *
You barely miss something. Something hits you but does no damage.
You barely miss something. You hit something. Something hits you!
* * * LOW HITPOINT WARNING * * *
Something freezes you.
* * * LOW HITPOINT WARNING * * *
You hit something but do no damage. Something hits you!
You die...

###+######+##
..........?#
..........##
...........
..........
.........
#........
+@.......
#.{......
#........
#........
#######.. .


There were no monsters in sight!

Vanquished Creatures
  The ghost of AlphabetPasta the Magician, an amateur SpCj (D:4)
  2 hounds (D:4)
  3 orc wizards (D:4)
  Ijyb (D:3)
  Natasha (twice) (D:4)
  2 worker ants (D:4)
  Robin (D:4)
  8 adders
  An ooze (D:2)
  3 worms
  3 dart slugs
  4 leopard geckos
  10 orcs
  8 giant cockroaches
  13 goblins
  9 hobgoblins
  3 quokkas
  11 bats
  7 frilled lizards
  11 kobolds
  A quokka skeleton (D:4)
  9 rats
113 creatures vanquished.

Notes
Turn   | Place    | Note
-------+----------+-------------------------------------------
     0 | D:1      | AlphabetPasta the Demigod Warper began the quest for the Orb.
     0 | D:1      | Reached XP level 1. HP: 17/17 MP: 5/5
   180 | D:1      | Reached skill level 1 in Armour
   527 | D:1      | Reached XP level 2. HP: 24/24 MP: 7/7
   534 | D:1      | Learned a level 2 spell: Blink
   537 | D:1      | Learned a level 2 spell: Shroud of Golubria
  1220 | D:2      | Reached XP level 3. HP: 29/29 MP: 8/8
  1243 | D:2      | Found a sacrificial altar of Ru.
  1243 | D:2      | Found a burning altar of Makhleb.
  1884 | D:2      | Reached skill level 1 in Shields
  1898 | D:2      | Reached skill level 3 in Translocations
  2475 | D:3      | Reached XP level 4. HP: 32/36 MP: 9/9
  2484 | D:3      | Learned a level 3 spell: Gell's Gravitas
  2554 | D:3      | Found a basalt altar of Yredelemnul.
  2615 | D:3      | Found a sparkling altar of Nemelex Xobeh.
  2616 | D:3      | Found a stormy altar of Qazlal.
  2618 | D:3      | Found a hide-covered altar of Uskayaw.
  2751 | D:3      | Noticed Grinder
  3488 | D:4      | Noticed Robin
  3517 | D:4      | Killed Robin
  3517 | D:4      | Reached XP level 5. HP: 16/42 MP: 11/11
  3706 | D:4      | Noticed AlphabetPasta's ghost (amateur SpCj)
  3922 | D:4      | Learned a level 1 spell: Apportation
  4130 | D:4      | Found a white marble altar of Elyvilon.
  4243 | D:3      | Noticed Ijyb
  4458 | D:3      | Killed Ijyb
  4637 | D:4      | Reached XP level 6. HP: 32/50 MP: 12/12
  5218 | D:3      | Found a snail-covered altar of Cheibriados.
  5221 | D:3      | Found a glowing golden altar of the Shining One.
  5444 | D:4      | Noticed Natasha
  5446 | D:4      | Killed Natasha
  5454 | D:4      | Noticed Natasha
  5465 | D:4      | Reached skill level 1 in Slings
  5483 | D:4      | Killed Natasha
  5906 | D:4      | Killed AlphabetPasta's ghost
  5906 | D:4      | Reached skill level 4 in Translocations
  6215 | D:5      | Entered Level 5 of the Dungeon
  6215 | D:5      | Noticed Sigmund
  6233 | D:5      | HP: 2/50 [something (4)]
  6234 | D:5      | Mangled by Sigmund

Vault maps used:
D:1:      mrwooster_arrival_statue, interstate_on_off, minmay_nonomino_d4
D:2:      gammafunk_temple_overflow_statue, first_bread
D:3:      kb_forest_paths, lemuel_doored_altar, grunt_temple_overflow_open,
          uniq_grinder, uniq_iyjb
D:4:      serial_park_tiny_pond, minivault_24, minmay_misc_feat_nine_boxes,
          elyvilon_altar_1, uniq_robin, uniq_natasha
D:5:      lemuel_crystal_altar, uniq_sigmund, uniq_prince_ribbit1

Skill      XL: |  1  2  3  4  5  6 |
---------------+-------------------+-----
Armour         | 1 2 |  2.2
Fighting       | 2 |  2.7
Axes           | 2 3 |  3.4
Dodging        | 2 |  2.9
Spellcasting   | 2 |  2.5
Shields        | 1 2 |  2.1
Translocations | 3 4 |  4.0
Slings         | 1 |  1.0
Throwing       | |  0.8
Evocations     | |  0.8

Action                   |  1- 3 |  4- 6 || total
-------------------------+-------+-------++-------
Melee: Hand axe          |   180 |   409 ||   589
Throw: Tomahawk          |       |     4 ||     4
 Cast: Shroud of Golubri |       |     1 ||     1
Evoke: Wand              |       |     4 ||     4
  Use: Scroll            |     9 |     3 ||    12
       Potion            |     2 |     2 ||     4
 Stab: Sleeping          |       |     1 ||     1
  Eat: Chunk             |     5 |    11 ||    16
       Royal jelly       |       |     1 ||     1
Armor: Leather armour    |    50 |   109 ||   159
Dodge: Dodged            |   123 |   224 ||   347
Block: Buckler           |    27 |    83 ||   110
